 Dungeon Crawl Stone Soup version 0.30.1 (webtiles) character file.

Game seed: 2686583761415799988

144 Charmandara the Ducker (level 5, -6/25 HPs)
             Began as a Spriggan Gladiator on July 5, 2023.
             Was a Priest of Kikubaaqudgha.
             Killed from afar by a white imp (13 damage)
             ... with a puff of frost
             ... on level 4 of the Dungeon.
             The game lasted 00:06:53 (2247 turns).

Charmandara the Ducker (Spriggan Gladiator)         Turns: 2247, Time: 00:06:54

Health: -6/25      AC:  2    Str: 10    XL:     5   Next: 5%
Magic:  8/8        EV: 19    Int: 11    God:    Kikubaaqudgha [***...]
Gold:   129        SH:  0    Dex: 17    Spells: 2/7 levels left

rFire   . . .        a - +0 quarterstaff
rCold   . . .        (shield currently unavailable)
rNeg    . . .        h - +0 robe
rPois   .            c - +0 hat
rElec   .            (no cloak)
rCorr   .            (gloves unavailable)
SInv    +            (boots unavailable)
Will    .....        (no amulet)
Stlth   ++           (no ring)
HPRegen 0.24/turn    (no ring)
MPRegen 0.11/turn

%: no passive effects
@: very quick
A: very small, no large weapons, unfitting armour, see invisible, speed 3
a: Renounce Religion, Unearth Wretches


You were on level 4 of the Dungeon.
You worshipped Kikubaaqudgha.
Kikubaaqudgha was most pleased with you.
You visited 1 branch of the dungeon, and saw 4 of its levels.

You collected 129 gold pieces.

Inventory:

Hand Weapons
 a - a +0 quarterstaff (weapon)
 b - a +0 sling
Missiles
 d - 2 throwing nets (quivered)
 e - 2 boomerangs
 g - 12 poisoned darts
Armour
 c - a +0 hat (worn)
 h - a +0 robe (worn)
Magical Staves
 p - a staff of air
Scrolls
 f - 3 scrolls of enchant armour {unknown}
 i - a scroll of amnesia {unknown}
 j - a scroll of silence {unknown}
 n - a scroll of acquirement {unknown}
 o - a scroll of fear {unknown}
 r - a scroll of enchant weapon {unknown}
 s - a scroll of teleportation {unknown}
 x - a scroll of identify
 y - a scroll of immolation {unknown}
Potions
 k - a potion of mutation
 l - a potion of magic
 m - 2 potions of attraction
 q - 2 potions of curing
 t - 2 potions of haste
 u - a potion of berserk rage
 v - a potion of cancellation
 z - a potion of invisibility {unknown}


   Skills:
 - Level 1.5 Fighting
 + Level 3.2 Staves
 - Level 2.0 Throwing
 + Level 4.5 Dodging
 + Level 2.3 Stealth
 + Level 1.8 Spellcasting
 * Level 1.7 Necromancy


You had 2 spell levels left.
You knew the following spells:

 Your Spells              Type           Power      Damage    Failure   Level
a - Necrotise             Necr           16%        1d4       14%         1
b - Kiss of Death         Conj/Necr      8%         2d6       21%         1
c - Vampiric Draining     Necr           4%         2d6       41%         3

Your spell library contained the following spells:

 Spells                   Type           Power      Damage    Failure   Level
 Sandblast                Erth           2%         2d4       30%         1
 Hailstorm                Conj/Ice       1%         3d3       65%         3
 Animate Dead             Necr           4%         N/A       82%         4
 Dispel Undead            Necr           4%         3d7       82%         4
 Anguish                  Hex/Necr       1%         N/A       90%         4
 Ice Form                 Ice/Tmut       1%         N/A       96%         4
 Borgnjor's Vile Clutch   Necr/Erth      1%         N/A       99%         5
 Death Channel            Necr           2%         N/A       100%        6
 Simulacrum               Ice/Necr       1%         N/A       100%        6


Dungeon Overview and Level Annotations

Branches:
Dungeon (4/15)
 Temple: D:4-7

Altars:
Kikubaaqudgha


Innate Abilities, Weirdness & Mutations

You are very small and have problems with some larger weapons.
You are too small for most types of armour.
You have supernaturally acute eyesight. (SInv)
You cover ground extremely quickly. (Speed+++)


Message History

You feel sick. The adder closely misses you. The white imp gestures at you.
The puff of frost hits you!
* * * LOW HITPOINT WARNING * * *
The adder completely misses you.
You're too confused to move!
You feel sick.
You are no longer poisoned.
A white imp comes into view.
The adder closely misses you.
Unknown command.
The white imp shouts!
You hit the white imp.
The white imp is moderately wounded.
You hear a shout!
The adder closely misses you. The white imp hits you.
The white imp freezes you.
Unknown command.
You hit the white imp.
The white imp is severely wounded.
The adder misses you. The white imp misses you. The adder closely misses you.
The ufetubus closely misses you. The ufetubus completely misses you.
Unknown command.
Unknown command.
Unknown command.
You're too confused to move!
The ufetubus misses you. The ufetubus barely misses you.
The white imp hits you. The white imp freezes you. The adder bites you.
The ufetubus hits you.
* * * LOW HITPOINT WARNING * * *
The ufetubus misses you.
Unknown command.
Unknown command.
You miss the ufetubus.
You feel less invigorated.
You feel less confused. The adder closely misses you.
The white imp closely misses you.
The ufetubus closely misses you. x2; The adder closely misses you.
The white imp gestures at you. The puff of frost hits you!
Ouch! That really hurt!
You die...
Kikubaaqudgha rasps: "You have failed me!
Welcome... death!"

##..##....#... #.# #.
#.....##.# #.# ##
...........# #.#
#...##.>.......[# #.#
..###..........###.#
#....##..........#..#
###.#...............##
.......#5...........####
#..#..@55.............#
#####.#^.##S..............#
.........##...#.#.........#
.........#....#...........#
.........#....##...###.####
................#...##.#
......[......##.....#..#
...........#.#####..#.##
.......#............#


You could see an adder, 2 white imps and an ufetubus.

Vanquished Creatures
  A hound (D:4)
  3 adders (D:2)
  An ufetubus (D:4)
  A worm (D:3)
  9 orcs
  3 ball pythons
  5 bats
  5 endoplasms
  11 goblins
  6 hobgoblins
  2 jackals (D:2)
  6 kobolds
  3 quokkas
  4 frilled lizards
  4 rats
64 creatures vanquished.

Notes
Turn   | Place    | Note
-------+----------+-------------------------------------------
     0 | D:1      | Charmandara the Spriggan Gladiator began the quest for the
                  | Orb.
     0 | D:1      | Reached XP level 1. HP: 10/10 MP: 2/2
   118 | D:1      | Found a faded altar of an unknown god.
   122 | D:1      | Got Plato's Vellum of the Geologist
   123 | D:1      | Prayed at the altar of an unknown god.
   123 | D:1      | Became a worshipper of Kikubaaqudgha
   123 | D:1      | Reached * piety under Kikubaaqudgha
   123 | D:1      | Received a gift from Kikubaaqudgha
   289 | D:1      | Reached XP level 2. HP: 14/14 MP: 3/3
   542 | D:2      | Reached XP level 3. HP: 15/18 MP: 4/4
   583 | D:2      | Reached skill level 1 in Stealth
   685 | D:2      | Learned a level 1 spell: Necrotise
   687 | D:2      | Learned a level 1 spell: Kiss of Death
   710 | D:2      | Reached ** piety under Kikubaaqudgha
   751 | D:2      | Reached skill level 1 in Spellcasting
   806 | D:2      | Reached skill level 1 in Necromancy
   814 | D:2      | Reached XP level 4. HP: 22/22 MP: 6/6
  1967 | D:3      | Reached *** piety under Kikubaaqudgha
  1967 | D:3      | Received a gift from Kikubaaqudgha
  1975 | D:3      | Learned a level 3 spell: Vampiric Draining
  2108 | D:4      | Reached XP level 5. HP: 8/25 MP: 8/8
  2247 | D:4      | Killed from afar by a white imp

Illustrated notes

Levels and vault maps discovered:
D:1:      zaba_arrival_water, layout_basic, shapermc_ecumenical_altar_rom_forum
D:2:      layout_rooms
D:3:      layout_basic, kennysheep_generic_room_5
D:4:      layout_rooms, serial_demonic, serial_demonic_b, serial_demonic_b,
          serial_demonic_d, serial_demonic_c

Skill      XL: |  1  2  3  4 |
---------------+-------------+-----
Stealth        | 1 2 |  2.3
Staves         | 3 |  3.2
Spellcasting   | 1 |  1.8
Necromancy     | 1 |  1.7
Fighting       | |  1.5
Throwing       | |  2.0
Dodging        | |  4.5

Action                     |  1- 3 |  4- 6 || total
---------------------------+-------+-------++-------
  Melee: Quarterstaff      |    98 |    97 ||   195
  Throw: Throwing net      |     5 |       ||     5
   Cast: Necrotise         |       |     8 ||     8
    Use: Scroll            |       |     7 ||     7
         Potion            |       |     1 ||     1
   Stab: Sleeping          |     3 |       ||     3
         Distracted        |     1 |       ||     1
 Armour: Robe              |    11 |     7 ||    18
  Dodge: Dodged            |    99 |   109 ||   208
